Map: Eternal Empire LE

Players

HeroMarine - Winner!

  • Race: Terran Terran
  • League: Master
  • Spawn Location: 7:00

liquidthermy (uThermal)

  • Race: Terran Terran
  • Spawn Location: 1:00

Event: DreamHack SC2 Masters 2020 Summer Europe

VOD

Have the link to the VOD?

Description

Time

  • Played on: June 26, 2020, 11:45 a.m.
  • Length: 4:20

All games in this series

Show
View Real Time Build Order
Export as new Build Order

HeroMarine Terran - Winner!

Build Orders:  

Get SALT Encoding   

  12  0:00  SCV  
  13  0:12  SCV  
  14  0:17  Supply Depot  
  14  0:25  SCV  
  14  0:27  Refinery  
  15  0:38  SCV  
  16  0:44  Barracks  
  16  0:50  SCV  
  17  1:02  SCV  
  18  1:14  SCV  
  19  1:32  Orbital Command, Reaper  
  20  1:51  Bunker x2  
  20  1:54  Factory  
  20  1:59  Supply Depot, SCV  
  21  2:04  Marine  
  22  2:11  SCV  
  23  2:21  Marine  
  22  2:23  SCV  
  22  2:35  SCV  
  23  2:39  Marine  
  23  2:40  Hellion  
  25  2:47  SCV  
  25  2:57  Marine  
  23  3:01  Hellion  
  23  3:15  Marine  
  24  3:20  SCV  
  24  3:24  Hellion  
  27  3:32  SCV  
  25  3:46  Hellion  
  25  3:47  SCV  
  28  3:59  SCV  
  28  4:01  Marine  
  30  4:09  Starport  
Show
View Real Time Build Order
Export as new Build Order

liquidthermy Terran 

Build Orders:  

Get SALT Encoding   

  12  0:01  SCV  
  13  0:15  Supply Depot  
  13  0:19  SCV  
  14  0:42  Refinery  
  14  0:43  Barracks  
  14  0:55  Barracks  
  14  1:12  SCV  
  15  1:23  Refinery  
  15  1:30  Reaper  
  16  1:34  Barracks  
  16  1:43  Reaper  
  18  1:58  Supply Depot  
  17  2:02  Reaper  
  18  2:15  Reaper  
  18  2:22  Reaper  
  19  2:34  Reaper  
  19  2:37  SCV  
  20  2:47  Reaper  
  21  2:54  Reaper  
  21  3:06  Reaper, SCV  
  23  3:19  Reaper  
  24  3:23  Orbital Command  
  24  3:33  Reaper  
  20  3:38  Reaper  
  20  3:52  SCV  
  19  4:04  SCV  
Tags
 
Add a new tag
Caveats
  • Supply blocks, unpowered buildings, or Contaminate may cause inaccurate times.
  • Supply counts are checked every 10 seconds.